AoeStats
← Johann Lafer

Arena

505510296Analyzed
3v3 RM · 22d ago on Sep 9, 2026· 32m 16s· 6 players
Game mode
Random Map
Map size
Normal (6 player)
Population
200
Speed
Normal
Resources
Standard
Victory
Conquest
Starting age
Dark Age
Ending age
Imperial Age
RankedLock teamsTeams togetherTeam positionsShared explorationLock speedFull tech treeHidden civsTurbo modeCheats
Victory
Defeat
🇫🇷 Poles · France
937
+13
🇩🇪 Malay · Germany
932
+13
🇨🇦 Persians · Canada
911
+14
🇩🇪 Turks · Germany
965
-17
🇩🇪 Khmer · Germany
876
-14
🇩🇪 Chinese · Germany
756
-9
Blackhammer
12:26 Feudal Age
14:31 Double-Bit Axe
17:05 Castle Age
14:54 Horse Collar
15:18 Stone Mining
15:56 Gold Mining
17:37 Wheelbarrow
19:18 Bow Saw
21:05 Heavy Plow
27:16 Imperial Age
26:47 Gold Shaft Mining
26:31 Scale Barding Armor
26:36 Forging
26:31 Husbandry
27:55 Hand Cart
28:48 Crop Rotation
28:48 Cavalier
29:53 Chain Barding Armor
30:08 Iron Casting
30:45 Conscription
31:31 Iron Casting
32:18 Plate Barding Armor
32:56 Chemistry
Tektø
11:42 Feudal Age
12:33 Double-Bit Axe
12:29 Horse Collar
16:01 Forging
15:51 Scale Mail Armor
18:01 Castle Age
19:30 Wheelbarrow
19:09 Bow Saw
19:01 Heavy Plow
20:06 Iron Casting
19:47 Chain Mail Armor
22:57 Stone Mining
24:20 Stone Shaft Mining
23:47 Gold Mining
30:12 Imperial Age
29:11 Arson
29:26 Squires
30:18 Elite Obuch
31:49 Plate Mail Armor
31:59 Conscription
ben00mon
12:49 Feudal Age
11:28 Loom
17:38 Castle Age
30:26 Pikeman
Steffen Henssler
1:08 Loom
11:38 Feudal Age
13:16 Wheelbarrow
13:21 Double-Bit Axe
15:08 Fletching
15:18 Padded Archer Armor
15:31 Horse Collar
19:45 Castle Age
19:49 Fletching
20:05 Stone Mining
20:08 Gold Mining
21:18 Crossbowman
Johann Lafer
11:26 Feudal Age
13:44 Wheelbarrow
16:46 Double-Bit Axe
22:25 Castle Age
20:19 Horse Collar
21:22 Scale Barding Armor
21:50 Bloodlines
29:28 Chain Barding Armor
29:20 Forging
Tim Raue
13:51 Feudal Age
18:29 Double-Bit Axe
18:29 Horse Collar
21:03 Castle Age
20:42 Bloodlines
21:15 Wheelbarrow
22:35 Husbandry
23:12 Bow Saw
25:01 Heavy Plow
Connection lost

Rejoining the realm…

Still unreachable

The connection could not be restored.

Session expired

The server has moved on; the page needs a fresh start.